Map: Oxide LE

Players

PartinG - Winner!

  • Race: Protoss Protoss
  • League: Master
  • Spawn Location: 1:00

MaxPax

  • Race: Protoss Protoss
  • Spawn Location: 7:00

Event: ASUS ROG Online 2020

VOD

Have the link to the VOD?

Description

Time

  • Played on: Nov. 27, 2020, 11:49 a.m.
  • Length: 4:01

All games in this series

Show
View Real Time Build Order
Export as new Build Order

PartinG Protoss - Winner!

Build Orders:  

Get SALT Encoding   

  12  0:00  Probe  
  13  0:12  Probe  
  14  0:17  Pylon  
  14  0:24  Probe (Chrono Boost)  
  15  0:36  Gateway  
  15  0:37  Probe (Chrono Boost)  
  16  0:45  Probe (Chrono Boost)  
  16  0:46  Assimilator  
  17  0:51  Probe  
  17  0:55  Assimilator  
  18  1:03  Probe  
  19  1:15  Probe  
  20  1:27  Zealot (Chrono Boost)  
  20  1:31  Cybernetics Core  
  22  1:40  Pylon  
  22  1:51  Probe  
  23  2:07  Stargate  
  23  2:12  Shield Battery  
  23  2:28  Pylon  
  23  2:42  Void Ray (Chrono Boost)  
  27  3:02  Nexus  
  27  3:09  Void Ray (Chrono Boost)  
  31  3:23  Pylon  
  31  3:32  Pylon  
Show
View Real Time Build Order
Export as new Build Order

MaxPax Protoss 

Build Orders:  

Get SALT Encoding   

  12  0:00  Probe (Chrono Boost)  
  13  0:10  Probe (Chrono Boost)  
  14  0:17  Pylon  
  14  0:21  Probe  
  15  0:37  Forge  
  15  0:56  Pylon  
  15  0:57  Pylon  
  15  1:01  Pylon  
  15  1:09  Pylon  
  15  1:16  Photon Cannon  
  15  1:25  Photon Cannon  
  15  1:29  Pylon  
  15  1:32  Probe  
  15  1:39  Gateway  
  15  1:44  Probe  
  16  1:56  Probe  
  17  2:02  Photon Cannon  
  17  2:12  Probe  
  18  2:15  Assimilator  
  17  2:24  Probe  
  17  2:27  Cybernetics Core  
  18  2:36  Pylon  
  18  2:41  Pylon  
  18  2:43  Probe  
  19  2:55  Photon Cannon  
  19  3:09  Photon Cannon  
  19  3:14  Stalker (Chrono Boost)  
  21  3:26  Shield Battery  
  21  3:34  Stalker (Chrono Boost)  
  21  3:39  Probe  
  24  3:47  Shield Battery  
Tags
 
Add a new tag
Caveats
  • Supply blocks, unpowered buildings, or Contaminate may cause inaccurate times.
  • Supply counts are checked every 10 seconds.